 Seeded DCSS version 0.31-a0-219-g8d62b2e7bb (webtiles) character file.

Game seed: 10737210411812156708 (custom seed)

9128 innerfire43 the Skirmisher (level 11, -7/87 HPs)
             Began as a Demonspawn Monk on July 3, 2023.
             Was a Believer of Uskayaw.
             Killed from afar by an electric eel (8 damage)
             ... with a bolt of electricity
             ... on level 10 of the Dungeon.
             The game lasted 00:14:58 (10843 turns).

innerfire43 the Skirmisher (Demonspawn Monk)       Turns: 10843, Time: 00:14:59

Health: -7/87      AC: 21    Str: 20    XL:     11   Next: 19%
Magic:  11/11      EV: 11    Int: 11    God:    Uskayaw [**....]
Gold:   572        SH:  0    Dex: 14    Spells: 10/10 levels left

rFire   . . .        a - +3 dagger (venom)
rCold   + . .        d - orb {light}
rNeg    . . .        B - +3 chain mail
rPois   .            l - +0 helmet
rElec   .            o - +0 cloak {Will+}
rCorr   .            j - +0 pair of gloves
SInv    .            x - +2 pair of boots
Will    +....        (no amulet) Stlth
                     u - +4 ring of protection
HPRegen 0.34/turn    F - ring of protection from cold
MPRegen 0.12/turn

%: no passive effects
@: glowing, studying Poison Magic
A: claws 1, powered by pain 2, strong 1
a: Renounce Religion, Stomp, Line Pass


You were on level 10 of the Dungeon.
You worshipped Uskayaw.
Uskayaw was noncommittal.
You visited 1 branch of the dungeon, and saw 10 of its levels.

You collected 572 gold pieces.

Inventory:

Hand Weapons
 a - a +3 dagger of venom (weapon)
 b - a +0 sling
 n - a +0 short sword
 G - a +2 great sword
 H - a +1 war axe
 J - a +2 dagger of flaming
Missiles
 y - 7 poisoned darts
 C - a throwing net
Armour
 c - +0 acid dragon scales
 d - an orb of light (worn)
 i - a +0 robe
 j - a +0 pair of gloves (worn)
 l - a +0 helmet (worn)
 o - a +0 cloak of willpower (worn)
 s - a +0 ring mail
 x - a +2 pair of boots (worn)
 B - a +3 chain mail (worn)
 D - a +0 buckler
Jewellery
 p - a ring of ice
 u - a +4 ring of protection (left hand)
 F - a ring of protection from cold (right hand)
 K - a ring of protection from cold
Wands
 f - a wand of flame (14)
 g - a wand of mindburst (8)
 q - a wand of paralysis (10)
 E - a wand of roots (4)
Scrolls
 h - 2 scrolls of amnesia
 k - 2 scrolls of torment
 t - 3 scrolls of teleportation
 v - 3 scrolls of silence
Potions
 e - a potion of berserk rage {unknown}
 m - 2 potions of magic
 w - 3 potions of enlightenment {unknown}
 z - a potion of attraction {unknown}
 A - 2 potions of might {unknown}
 I - a potion of lignification {unknown}


   Skills:
 + Level 8.5 Fighting
 + Level 7.8 Short Blades
 * Level 10.0 Ranged Weapons
 + Level 7.8 Dodging


You had 10 spell levels left.
You didn't know any spells.
Your spell library contained the following spells:

 Spells                   Type           Power      Damage    Failure   Level
 Freeze                   Ice            0%         1d3       97%         1
 Necrotise                Necr           0%         1d4       97%         1
 Slow                     Hex            0%         N/A       97%         1
 Call Canine Familiar     Summ           0%         N/A       100%        3
 Confusing Touch          Hex            0%         N/A       100%        3
 Frozen Ramparts          Ice            0%         1d1       100%        3
 Hailstorm                Conj/Ice       0%         3d3       100%        3
 Portal Projectile        Hex/Tloc       0%         N/A       100%        3
 Vampiric Draining        Necr           0%         2d6       100%        3
 Animate Armour           Summ/Erth      0%         N/A       100%        4
 Leda's Liquefaction      Hex/Erth       0%         N/A       100%        4
 Summon Lightning Spire   Summ/Air       0%         N/A       100%        4
 Agony                    Necr           0%         N/A       100%        5
 Blade Hands              Tmut           0%         N/A       100%        5


Dungeon Overview and Level Annotations

Branches:
Dungeon (10/15)            Temple (0/1) D:7
   Lair: D:8-11         Orc: D:9-12

Altars:
Ashenzari
Cheibriados
Dithmenos
Fedhas
Sif Muna
Trog
Uskayaw
Vehumet

Shops:
D:8 =


Innate Abilities, Weirdness & Mutations

You have sharp fingernails.
You sometimes gain power by taking damage.
Your muscles are strong. (Str +4, Int/Dex -1)


Message History

You hit the hound.
The hound looks as sick as possible!
The hound is moderately wounded.
The hound bites you but does no damage.
You hit the hound.
You kill the hound!
You hit the hound.
The hound is poisoned.
The hound is lightly wounded.
An electric eel comes into view.
The hound barely misses you.
You hit the hound.
The hound looks as sick as possible!
The hound is heavily wounded.
You hit the hound.
The hound is severely wounded.
You kill the hound!
You can now pass through a line of other dancers.
You see here a hound corpse.
An electric eel comes into view.
The electric eel shoots out a bolt of lightning at you!
The bolt of electricity hits you.
The electric eel shoots out a bolt of lightning at you!
The bolt of electricity hits you.
The electric eel shoots out a bolt of lightning at you!
The bolt of electricity hits you but does no damage.
The bolt of electricity hits you.
The electric eel shoots out a bolt of lightning at you!
The bolt of electricity hits you!
* * * LOW HITPOINT WARNING * * *
The electric eel shoots out a bolt of lightning at you!
The bolt of electricity hits you!
* * * LOW HITPOINT WARNING * * *
Things that are here:
a stone; a +1 dagger of protection; a +0 short sword The electric eel shoots out a bolt of lightning at you!
The bolt of electricity hits you.
* * * LOW HITPOINT WARNING * * *
The electric eel shoots out a bolt of lightning at you!
The bolt of electricity hits you!
* * * LOW HITPOINT WARNING * * *
The bolt of electricity hits you!
You die...

#≈≈≈..~#≈≈≈#.#
#†#..5.~≈≈~.#
#.#.####~~≈≈####
#.#.....~<≈≈≈≈≈#≈~
#######.#.....)#§§≈≈≈≈≈≈
.......†#.####.##≈≈≈≈≈≈≈
...~....#.# #.##≈≈≈≈≈≈≈
.≈~.....#.# #.##.~≈≈≈≈≈
≈≈~≈≈.$(@)# #.##.~≈≈≈≈
≈S≈~~S.)#(# #.....##≈#
≈≈≈.....#.# #.....# ##
~~~≈~~..#.# #.....#
........#.. #.##.##
~~≈~S~..### #.##.#
≈≈~~~~... #....#
≈~≈≈~[..# ######


You could see 3 electric eels.

Vanquished Creatures
  A centaur warrior (D:10)
  2 two-headed ogres (D:8)
  Pikel (D:8)
  A cyclops (D:9)
  Maurice (D:9)
  A kobold demonologist (D:10)
  A troll (D:10)
  Grinder (D:6)
  3 hornets
  A wraith (D:9)
  A shadow (D:9)
  5 yaks (D:9)
  3 steam dragons
  3 water moccasins
  2 acid dragons (D:8)
  An ice beast (D:8)
  A sky beast (D:7)
  5 black bears
  2 orc warriors (D:9)
  An ogre (D:4)
  A centaur (D:7)
  A phantom (D:4)
  A lemure (D:8)
  2 kobold brigands
  2 scorpions
  3 bullfrogs
  5 wights (D:8)
  5 killer bees (D:8)
  An electric eel (D:10)
  6 hounds
  2 gnoll boudas (D:9)
  5 orc priests
  3 jellies
  2 iguanas (D:5)
  3 orc wizards
  A mummy (D:8)
  11 gnolls
  6 adders
  A shadow imp (D:7)
  3 white imps
  2 worms
  3 dart slugs
  19 orcs
  6 ball pythons
  18 endoplasms
  3 giant cockroaches
  14 goblins
  9 hobgoblins
  6 jackals
  20 kobolds
  3 quokkas
  5 bats
  2 frilled lizards
  5 rats
216 creatures vanquished.

Vanquished Creatures (others)
  A hound (D:10)
  3 orcs
  3 kobolds (D:10)
7 creatures vanquished.

Grand Total: 223 creatures vanquished

Notes
Turn   | Place    | Note
-------+----------+-------------------------------------------
     0 | D:1      | innerfire43 the Demonspawn Monk began the quest for the
                  | Orb.
     0 | D:1      | Reached XP level 1. HP: 18/18 MP: 1/1
   200 | D:1      | Gained mutation: You sometimes gain a little power by
                  | taking damage. [demonic ancestry]
   200 | D:1      | Reached XP level 2. HP: 9/24 MP: 2/2
   832 | D:1      | Reached XP level 3. HP: 29/29 MP: 3/3
  2398 | D:1      | Reached skill level 1 in Ranged Weapons
  2629 | D:3      | Reached XP level 4. HP: 32/37 MP: 4/4
  2859 | D:3      | Found a hide-covered altar of Uskayaw.
  2883 | D:3      | Became a worshipper of Uskayaw the Reveller
  2883 | D:3      | Reached * piety under Uskayaw
  3270 | D:4      | Found a bloodstained altar of Trog.
  3270 | D:4      | Noticed a black bear
  3270 | D:4      | Noticed a black bear
  3274 | D:4      | Noticed a scorpion
  3274 | D:4      | Reached ** piety under Uskayaw
  3278 | D:4      | Reached *** piety under Uskayaw
  3279 | D:4      | Killed a black bear
  3280 | D:4      | Reached skill level 2 in Ranged Weapons
  3280 | D:4      | Gained mutation: You have sharp fingernails. [demonic
                  | ancestry]
  3280 | D:4      | Reached XP level 5. HP: 32/42 MP: 5/5
  3282 | D:4      | Reached **** piety under Uskayaw
  3285 | D:4      | Killed a black bear
  3286 | D:4      | Reached XP level 6. HP: 21/48 MP: 6/6
  3287 | D:4      | Reached skill level 3 in Ranged Weapons
  3945 | D:4      | Reached XP level 7. HP: 32/55 MP: 7/7
  4343 | D:5      | Entered Level 5 of the Dungeon
  4469 | D:5      | Reached skill level 4 in Ranged Weapons
  5338 | D:5      | Found a shimmering blue altar of Sif Muna.
  5458 | D:6      | Reached skill level 5 in Fighting
  5879 | D:6      | Noticed Grinder
  5882 | D:6      | Paralysed by Grinder for 2 turns
  5903 | D:6      | Killed Grinder
  5904 | D:6      | Reached skill level 5 in Ranged Weapons
  5904 | D:6      | Gained mutation: You sometimes gain power by taking damage.
                  | [demonic ancestry]
  5904 | D:6      | Reached XP level 8. HP: 24/62 MP: 8/8
  6058 | D:6      | Found a shadowy altar of Dithmenos.
  6614 | D:7      | Reached skill level 5 in Short Blades
  6614 | D:7      | Reached skill level 5 in Dodging
  6635 | D:7      | Found a staircase to the Ecumenical Temple.
  6832 | D:7      | Reached skill level 6 in Ranged Weapons
  7026 | D:7      | Reached XP level 9. HP: 69/69 MP: 9/9
  7210 | D:7      | You fall into a shaft and drop 1 floor!
  7287 | D:8      | Reached ***** piety under Uskayaw
  7289 | D:8      | Reached skill level 7 in Ranged Weapons
  7308 | D:8      | Noticed a two-headed ogre
  7327 | D:8      | Gained mutation: Your muscles are strong. (Str +4, Int/Dex
                  | -1) [potion of mutation]
  7329 | D:8      | Reached ****** piety under Uskayaw
  7331 | D:8      | Killed a two-headed ogre
  7561 | D:8      | Found a broken altar of Ashenzari.
  7575 | D:8      | Paralysed by a hornet for 2 turns
  7579 | D:8      | Reached skill level 8 in Ranged Weapons
  7704 | D:8      | Found a radiant altar of Vehumet.
  7747 | D:8      | Reached XP level 10. HP: 58/77 MP: 10/10
  8126 | D:8      | Noticed a two-headed ogre
  8147 | D:8      | Killed a two-headed ogre
  8408 | D:8      | Found Ibyil's Jewellery Emporium.
  8588 | D:8      | Noticed Pikel
  8606 | D:8      | Killed Pikel
  8684 | D:8      | Found a snail-covered altar of Cheibriados.
  9242 | D:9      | Reached skill level 9 in Ranged Weapons
  9243 | D:9      | Noticed a cyclops
  9257 | D:9      | Killed a cyclops
  9498 | D:9      | Noticed Maurice
  9556 | D:9      | Killed Maurice
  9586 | D:9      | HP: 3/80 [orc/+0 short sword (2)]
  9822 | D:9      | Found a blossoming altar of Fedhas.
  9869 | D:9      | Reached XP level 11. HP: 36/87 MP: 11/11
  9885 | D:9      | HP: 4/87 [gnoll/+0 halberd[a gnoll bouda] (6)]
 10278 | D:10     | Entered Level 10 of the Dungeon
 10308 | D:10     | Noticed a centaur warrior
 10336 | D:10     | Killed a centaur warrior
 10377 | D:10     | Reached skill level 10 in Ranged Weapons
 10843 | D:10     | HP: 1/87 [electric eel/bolt of electricity (7)]
 10843 | D:10     | Killed from afar by an electric eel

Illustrated notes

Levels and vault maps discovered:
D:1:      ncdulo_smallfort, layout_loops_corners, minivault_14,
          hangedman_abyss_or_decor_stabs, chequers_serial_rivers_marsh,
          chequers_big_river, chequers_hall_statues_wall_a
D:2:      layout_basic, nicolae_figureground_pulse
D:3:      layout_rooms, nicolae_overflow_crystal_walls,
          amcnicky_mini_rare_corridor_liquid
D:4:      nicolae_BIG_FREAKIN_CUBE, layout_cave_pods, elyvilon_altar_1,
          trog_ov_bears_minmay, grunt_decor_cap
D:5:      layout_layer_cave, led_sif_pool
D:6:      hellmonk_crumbling_castle, layout_basic,
          nicolae_dithmenos_the_darkroom, uniq_grinder
D:7:      layout_rooms, gammafunk_temple_overflow_pools,
          minmay_temple_entry_statues_fountains, nicolae_the_louvre
D:8:      layout_loops_ring, chei_slow_surprise, kennysheep_mini,
          vehumet_altar_wand_db, tso_altar, serial_shops,
          nicolae_shop_gaudy_bauble, minmay_diced_spiral, uniq_pikel
D:9:      layout_basic, lemuel_crystal_altar, uniq_maurice
D:10:     layout_basic, okawaru_gym_becter, erik_lair_island

Skill      XL: |  1  2  3  4  5  6  7  8  9 10 11 |
---------------+----------------------------------+-----
Dodging        | 3 4 5 6 7 |  7.8
Short Blades   | 3 4 5 6 7 |  7.8
Ranged Weapons | 1 2 3 5 6 8 9 10 | 10.0
Fighting       | 4 5 6 7 8 |  8.5

Action                     |  1- 3 |  4- 6 |  7- 9 | 10-12 || total
---------------------------+-------+-------+-------+-------++-------
  Melee: Short sword       |   113 |       |       |       ||   113
         Dagger            |     7 |    89 |   374 |   408 ||   878
   Fire: Sling             |    89 |     3 |    36 |     2 ||   130
 Invoke: Stomp             |       |       |       |     1 ||     1
    Use: Scroll            |       |       |    10 |     1 ||    11
         Potion            |       |       |     3 |     5 ||     8
   Stab: Paralysed         |       |     1 |    13 |     9 ||    23
 Armour: Robe              |    32 |     3 |       |       ||    35
         Ring mail         |       |    25 |    25 |       ||    50
         Chain mail        |       |       |   217 |   198 ||   415
  Dodge: Dodged            |    86 |    55 |   203 |   184 ||   528

Table legend: (Time is in decaauts)
 A = Elapsed time spent in this place.
 B = Non-inter-level travel time spent in this place.
 C = Inter-level travel time spent in this place.
 D = Time resting spent in this place.
 E = Time spent auto-exploring this place.
 F = Levels seen in this place.
 G = Mean time per level.
                   A        B        C        D        E       F      G
               +--------+--------+--------+--------+--------+-----+--------+
         Total |  10683 |   9940 |    743 |      0 |   8155 |  10 | 1068.3 |
       Dungeon |  10683 |   9940 |    743 |      0 |   8155 |  10 | 1068.3 |
               +--------+--------+--------+--------+--------+-----+--------+

Top non-repeatable levels by time:
     D:9: 1656 daAuts
     D:8: 1643 daAuts
     D:1: 1493 daAuts
     D:4: 1155 daAuts
     D:5: 1107 daAuts
     D:2: 1094 daAuts
     D:6: 1089 daAuts
     D:7: 633 daAuts
     D:3: 613 daAuts
    D:10: 195 daAuts
